 Dungeon Crawl Stone Soup version 0.30-a0-1157-g2cc9ac7196 (webtiles) character file.

Game seed: 5908351516404685883

37 NinjaNoafa the Trooper (level 3, -2/29 HPs)
             Began as a Human Monk on Apr 24, 2023.
             Slain by a goblin
             ... wielding a +0 dagger
             ... led by Robin
              (5 damage)
             ... on level 2 of the Dungeon.
             The game lasted 00:01:25 (711 turns).

NinjaNoafa the Trooper (Human Monk)                  Turns: 711, Time: 00:01:26

Health: -2/29      AC:  2    Str: 13    XL:     3   Next: 60%
Magic:  3/3        EV: 13    Int: 10    God:
Gold:   62         SH:  0    Dex: 15    Spells: 2/2 levels left

rFire   . . .        a - +0 mace
rCold   . . .        d - orb {light}
rNeg    . . .        b - +0 robe
rPois   .            (no helmet)
rElec   .            (no cloak)
rCorr   .            (no gloves)
SInv    .            (no boots)
Will    .....        (no amulet)
Stlth   +            (no ring)
HPRegen 0.24/turn    (no ring)
MPRegen 0.08/turn

%: no passive effects
@: brilliant, glowing
A: no striking features
a: no special abilities


You were on level 2 of the Dungeon.
You visited 1 branch of the dungeon, and saw 2 of its levels.

You collected 62 gold pieces.

Inventory:

Hand Weapons
 a - a +0 mace (weapon)
Missiles
 f - 4 silver javelins (quivered)
Armour
 b - a +0 robe (worn)
 d - an orb of light (worn)
 o - a +0 ring mail
Wands
 h - a wand of roots (8)
Scrolls
 g - a scroll of magic mapping {unknown}
 j - a scroll of vulnerability {unknown}
 k - a scroll of fog {unknown}
 l - a scroll of identify {unknown}
 n - a scroll of teleportation {unknown}
Potions
 e - a potion of curing {unknown}
 i - a potion of magic {unknown}
 m - a potion of brilliance


   Skills:
 + Level 3.5 Fighting
 + Level 3.5 Maces & Flails
 + Level 1.4 Armour
 - Level 3.0 Dodging


You had 2 spell levels left.
You didn't know any spells.
Your spell library contained the following spells:

 Spells                   Type           Power      Damage    Failure   Level
 Call Canine Familiar     Summ           0%         N/A       75%         3
 Portal Projectile        Hex/Tloc       0%         N/A       75%         3
 Leda's Liquefaction      Hex/Erth       0%         N/A       98%         4


Dungeon Overview and Level Annotations

Branches:
Dungeon (2/15)

Altars:

Annotations:
D:2 Robin


Message History

The goblin closely misses you. The goblin misses you.
The hobgoblin barely misses you.
Unknown command.
The hobgoblin attacks as you move away! The hobgoblin closely misses you.
Robin says, "Feeling lonely?"
The goblin hits you with a +0 dagger.
* * * LOW HITPOINT WARNING * * *
Unknown command.
You are confused.
You feel invigorated. The goblin barely misses you.
The goblin hits you with a +0 club.
* * * LOW HITPOINT WARNING * * *
You hit the goblin but do no damage.
The goblin is moderately wounded.
The goblin no longer looks unusually strong.
The goblin hits you with a +0 club. The goblin hits you with a +0 dagger.
* * * LOW HITPOINT WARNING * * *
The hobgoblin hits you but does no damage.
The hobgoblin barely misses you. The goblin closely misses you.
The goblin hits you with a +0 club.
* * * LOW HITPOINT WARNING * * *
The hobgoblin hits you.
* * * LOW HITPOINT WARNING * * *
The hobgoblin attacks as you move away! The hobgoblin completely misses you.
The goblin attacks as you move away! The goblin barely misses you.
You feel less invigorated.
You feel less confused.
The goblin no longer looks unusually strong.
Robin roars a battlecry!
The goblin goes into a battle-frenzy!
The hobgoblin closely misses you. The goblin attacks as you move away!
The goblin hits you with a +0 dagger.
* * * LOW HITPOINT WARNING * * *
Robin roars a battlecry!
The goblin goes into a battle-frenzy!
Unknown command.
It was a potion of brilliance.
You feel clever all of a sudden. The hobgoblin misses you.
The goblin hits you with a +0 dagger.
You die...

..........).......
..........))#
..........).#
.$.....†....# .
.....#...#.# #..
.....##.g#g# ....
#######....g..#.....
..........gggg....#
..........[g@.....#
#....<....<.....#
#...###...####..#
#.... #.#..# ..#
#.... #.##.# .# #..
#.. ... #. ### ....
# ##..


You could see Robin, 4 hobgoblins and 3 goblins.

Vanquished Creatures
  3 ball pythons (D:1)
  2 giant cockroaches
  7 goblins
  4 hobgoblins (D:1)
  4 jackals (D:1)
  5 bats
  3 frilled lizards (D:1)
  3 rats
31 creatures vanquished.

Notes
Turn   | Place    | Note
-------+----------+-------------------------------------------
     0 | D:1      | NinjaNoafa the Human Monk began the quest for the Orb.
     0 | D:1      | Reached XP level 1. HP: 18/18 MP: 1/1
    61 | D:1      | Found a faded altar of an unknown god.
   153 | D:1      | Reached XP level 2. HP: 24/24 MP: 2/2
   257 | D:1      | Reached skill level 1 in Armour
   335 | D:1      | Reached XP level 3. HP: 23/29 MP: 3/3
   694 | D:2      | Noticed Robin
   711 | D:2      | Slain by a goblin

Illustrated notes

Levels and vault maps discovered:
D:1:      sevenhm_arrival_forest_fort_small_3, layout_loops_ring,
          nicolae_ecumenical_snake_handling, serial_park_tiny_pond,
          minivault_27, nrook_loot_triangle, minmay_heptomino_h4
D:2:      layout_rooms, minmay_misc_feat_iff, chequers_serial_rivers_micro_b,
          uniq_robin

Skill      XL: |  1  2 |
---------------+-------+-----
Armour         | 1 |  1.4
Fighting       | |  3.5
Maces & Flails | |  3.5
Dodging        | |  3.0

Action                     || total
---------------------------++-------
  Melee: Mace              ||    73
    Use: Potion            ||     2
 Armour: Robe              ||    20
  Dodge: Dodged            ||    83

Table legend: (Time is in decaauts)
 A = Elapsed time spent in this place.
 B = Non-inter-level travel time spent in this place.
 C = Inter-level travel time spent in this place.
 D = Time resting spent in this place.
 E = Time spent auto-exploring this place.
 F = Levels seen in this place.
 G = Mean time per level.
                   A        B        C        D        E       F      G
               +--------+--------+--------+--------+--------+-----+--------+
         Total |    727 |    707 |     20 |      0 |    505 |   2 |  363.5 |
       Dungeon |    727 |    707 |     20 |      0 |    505 |   2 |  363.5 |
               +--------+--------+--------+--------+--------+-----+--------+

Top non-repeatable levels by time:
     D:1: 691 daAuts
     D:2: 36 daAuts
